 Dungeon Crawl Stone Soup version 0.18.1-8-gdd0e5ea (webtiles) character file.

3108 dvd the Protected (level 9, -1/86 HPs)
             Began as a Hill Orc Gladiator on June 6, 2016.
             Was a Believer of Beogh.
             Killed from afar by an orc wizard (6 damage)
             ... with a puff of flame
             ... on level 9 of the Dungeon.
             The game lasted 00:25:27 (8605 turns).

dvd the Protected (Hill Orc Gladiator)              Turns: 8605, Time: 00:25:28

Health: -1/86      AC: 20    Str: 20    XL:     9   Next: 90%
Magic:  10/10      EV: 10    Int:  8    God:    Beogh [**....]
Gold:   466        SH:  0    Dex: 12    Spells: 0 memorised, 8 levels left

rFire  . . .     SeeInvis .     a - +0 war axe
rCold  . . .     Gourm    .     M - +3 chain mail
rNeg   + . .     Faith    .     (no shield)
rPois  .         Spirit   .     y - +0 helmet
rElec  .         Dismiss  .     q - +2 cloak
rCorr  .         Reflect  .     (no gloves)
SustAt +         Harm     .     (no boots)
MR     .....                    (no amulet)
Stlth  ..........               L - ring of positive energy
                                C - ring of sustain attributes

@: confused, lethally poisoned (-1 -> -4), not resistant to hostile
enchantments, extremely unstealthy
A: robust 1
a: Smiting, Renounce Religion


You were on level 9 of the Dungeon.
You worshipped Beogh.
Beogh was pleased with you.
You were not hungry.

You visited 2 branches of the dungeon, and saw 10 of its levels.

You collected 466 gold pieces.

Inventory:

Hand Weapons
 a - a +0 war axe (weapon)
 b - a +2 mace of protection
 c - a +1 spear of piercing
 F - a +0 giant club
 K - the +6 dagger of Floods {antimagic, MR- MP+9 Stlth+}
   (You found it on level 5 of the Dungeon)

   It disrupts the flow of magical energy around spellcasters and certain
   magical creatures (including the wielder).
   It affects your resistance to hostile enchantments.
   It affects your magic capacity (+9).
   It makes you more stealthy.
Missiles
 d - 3 throwing nets (quivered)
Armour
 q - a +2 cloak (worn)
 r - a +0 leather armour of cold resistance
 y - a +0 helmet (worn)
 M - a +3 chain mail (worn)
Jewellery
 C - a ring of sustain attributes (left hand)
 G - an uncursed ring of magical power
 H - an uncursed ring of ice
 L - a ring of positive energy (right hand)
Wands
 h - a wand of paralysis (11/24)
 i - a wand of random effects (12/48)
 j - a wand of acid (5/15)
 A - a wand of iceblast (9/15)
 B - a wand of enslavement (10/24)
Scrolls
 e - a scroll of magic mapping
 l - 6 scrolls of teleportation
 t - 7 scrolls of remove curse
 E - 2 scrolls of recharging
 J - 2 scrolls of fog
Potions
 g - a potion of magic
 m - a potion of curing
 p - a potion of resistance
 u - a potion of flight
 w - a potion of cancellation
 x - a potion of might
 z - a potion of berserk rage {unknown}
Books
 o - a book of Enchantments

   Spells                             Type                      Level
   a - Cause Fear                     Hexes                        4
   b - Yara's Violent Unravelling     Hexes/Transmutation          5
   c - Silence                        Hexes/Air                    5
   d - Deflect Missiles               Charms/Air                   6
   e - Haste                          Charms                       6
   f - Discord                        Hexes                        8
Comestibles
 f - 2 bread rations
 k - 3 meat rations
 n - a slice of pizza
 v - 6 fruits
 D - 3 chunks of flesh


   Skills:
 + Level 7.1 Fighting
 + Level 5.2(7.0) Axes
 + Level 6.1(6.7) Maces & Flails
 + Level 2.0 Throwing
 + Level 9.2 Armour
 + Level 5.4 Dodging
 + Level 0.5 Stealth
 + Level 1.8 Invocations


You had 8 spell levels left.
You didn't know any spells.

Dungeon Overview and Level Annotations

Branches:
Dungeon (9/15)             Temple (1/1) D:4            Lair (0/8) D:8
    Orc: D:9-12

Altars:
Ashenzari
Cheibriados
Dithmenos
Elyvilon
Fedhas
Gozag
Kikubaaqudgha
Makhleb
Nemelex Xobeh
Qazlal
Ru
Sif Muna
Trog
Vehumet
Xom
Yredelemnul
Zin
The Shining One

Shops:
D:6 :*

Annotations:
D:9 Jersh's ghost, novice TrMo


Innate Abilities, Weirdness & Mutations

You are robust (+10% HP).


Message History

Jersh's ghost hits you but does no damage.
The wasp closely misses you. The orc wizard barely misses you.
You hear some strange, mumbled words.
A puff of flame appears from out of thin air!
The puff of flame hits you!
* * * LOW HITPOINT WARNING * * *
Jersh's ghost tells you, "The cards don't hold a good future for you."
Jersh's ghost hits you but does no damage.
You feel sick. The wasp stings you.
* * * LOW HITPOINT WARNING * * *
You are more poisoned.
The orc wizard mumbles some strange words.
The orc wizard blinks!
The wasp stings you but does no damage. Jersh's ghost hits you!!
* * * LOW HITPOINT WARNING * * *
You hear some strange, mumbled words.
A puff of flame appears from out of thin air!
The puff of flame hits you!
You die...
Beogh appreciates something's killing of a heretic priest.

#..........
#.........#
#........o#
#.........#
#.........#
#......<..#
#.......Z.#
##...†.§{##
#######@#
#.....yW.#
#........#
#........#
#........#
#....<...#
#........#
#........#


You could see a wasp, an orc wizard, Jersh's ghost and a wasp zombie.

Vanquished Creatures
  The ghost of simples the Covert, a novice SpEn (D:6)
  A hungry ghost (D:7)
  Edmund (D:5)
  2 hell hounds (D:8)
  A wasp (D:8)
  8 ogres
  An ice beast (D:7)
  A necrophage (D:7)
  5 phantoms
  The ghost of Statics the Sneak, an amateur HuAs (D:3)
  2 giant frogs (D:6)
  A howler monkey (D:9)
  2 crimson imps
  A hound (D:4)
  2 giant frog skeletons
  2 gnoll shamans
  A centaur skeleton (D:6)
  5 worker ants
  4 orc wizards
  A hound zombie (D:5)
  A worker ant zombie (D:9)
  8 gnolls
  5 adders
  3 river rats (D:5)
  An adder skeleton (D:5)
  An adder zombie (D:8)
  4 worms
  2 dart slugs
  A giant gecko (D:6)
  9 orcs
  11 giant cockroaches
  11 goblins
  4 hobgoblins
  11 jackals
  7 quokkas
  2 ball pythons
  10 bats
  2 giant gecko skeletons (D:5)
  5 giant newts
  8 kobolds
  6 rats
155 creatures vanquished.

Vanquished Creatures (others)
  An orc priest (D:4)
  3 orcs (D:4)
  A quokka (D:4)
5 creatures vanquished.

Grand Total: 160 creatures vanquished

Notes
Turn   | Place    | Note
--------------------------------------------------------------
     0 | D:1      | dvd the Hill Orc Gladiator began the quest for the Orb.
     0 | D:1      | Reached XP level 1. HP: 18/18 MP: 1/1
   531 | D:1      | Reached XP level 2. HP: 23/25 MP: 2/2
  1382 | D:2      | Reached XP level 3. HP: 30/30 MP: 3/3
  1536 | D:2      | Reached skill level 1 in Armour
  1967 | D:2      | Found a sacrificial altar of Ru.
  1972 | D:2      | Reached skill level 2 in Armour
  1972 | D:2      | Reached XP level 4. HP: 37/37 MP: 4/4
  2846 | D:3      | Reached skill level 1 in Maces & Flails
  2863 | D:3      | Noticed Statics's ghost (amateur HuAs)
  2878 | D:3      | Killed Statics's ghost
  2878 | D:3      | Reached skill level 5 in Axes
  2878 | D:3      | Reached skill level 3 in Armour
  2878 | D:3      | Reached XP level 5. HP: 35/44 MP: 5/5
  2949 | D:3      | Found a faded altar to an unknown god.
  3166 | D:4      | Became a worshipper of Beogh the Brigand
  3213 | D:4      | Reached XP level 6. HP: 51/51 MP: 6/6
  3246 | D:4      | Reached skill level 4 in Armour
  3922 | D:4      | Reached XP level 7. HP: 27/57 MP: 7/7
  4159 | D:4      | Reached skill level 5 in Armour
  4185 | D:4      | Found a staircase to the Ecumenical Temple.
  4190 | Temple   | Entered the Ecumenical Temple
  4553 | D:5      | Entered Level 5 of the Dungeon
  4645 | D:5      | Noticed Edmund
  4679 | D:5      | Killed Edmund
  4685 | D:5      | Got a transparent dagger
  4686 | D:5      | Identified the +6 dagger of Floods {antimagic, MR- MP+9 Stlth+} (You found it on level 5 of the Dungeon)
  4871 | D:5      | Reached skill level 6 in Armour
  4871 | D:5      | Reached XP level 8. HP: 20/66 MP: 8/8
  4974 | D:5      | You fall through a shaft for 2 floors!
  5145 | D:6      | Reached * piety under Beogh
  5224 | D:5      | Found a blossoming altar of Fedhas.
  5432 | D:5      | Reached skill level 7 in Armour
  5453 | D:5      | You fall through a shaft for 2 floors!
  5506 | D:6      | Found Nhash's Needful Niceties.
  5966 | D:6      | Reached skill level 8 in Armour
  6030 | D:6      | Reached skill level 5 in Fighting
  6034 | D:6      | Reached ** piety under Beogh
  6043 | D:6      | Reached XP level 9. HP: 50/74 MP: 9/9
  6135 | D:6      | Found Meiriwif's Book Boutique.
  6238 | D:6      | Noticed simples's ghost (novice SpEn)
  6378 | D:6      | Killed simples's ghost
  6378 | D:6      | Reached skill level 5 in Maces & Flails
  6378 | D:6      | Reached skill level 5 in Dodging
  7484 | D:8      | Gained mutation: You are robust (+10% HP). [potion of beneficial mutation]
  7592 | D:8      | Found a staircase to the Lair.
  7633 | D:8      | Reached skill level 1 in Invocations
  7937 | D:8      | Reached skill level 9 in Armour
  8587 | D:9      | Noticed Jersh's ghost (novice TrMo)
  8605 | D:9      | Killed from afar by an orc wizard

Skill      XL: |  1  2  3  4  5  6  7  8  9 |
---------------+----------------------------+-----
Throwing       | 2 |  2.0
Armour         | 2 3 4 6 8 9 |  9.2
Maces & Flails | 1 2 3 4 6 |  6.1
Axes           | 5 |  5.2
Dodging        | 3 4 5 |  5.4
Fighting       | 3 5 7 |  7.1
Invocations    | 1 |  1.8
Stealth        | |  0.5

Action                   |  1- 3 |  4- 6 |  7- 9 || total
-------------------------+-------+-------+-------++-------
Melee: War axe           |   101 |     4 |    22 ||   127
       Mace              |    50 |   174 |   569 ||   793
Invok: Convert to Beogh  |       |     1 |       ||     1
       Smiting           |       |       |     3 ||     3
  Use: Scroll            |       |       |    14 ||    14
       Potion            |       |       |     7 ||     7
 Stab: Paralysed         |       |     1 |       ||     1
  Eat: Chunk             |     4 |     6 |    15 ||    25
       Meat ration       |       |       |     3 ||     3
       Pizza             |       |       |     1 ||     1
       Beef jerky        |       |       |     1 ||     1
Armor: Leather armour    |    11 |       |       ||    11
       Plate armour      |     9 |       |       ||     9
       Chain mail        |    20 |       |   338 ||   358
       Ring mail         |    45 |    10 |       ||    55
       Scale mail        |       |   106 |    59 ||   165
Dodge: Dodged            |    88 |   124 |   334 ||   546
